 Dungeon Crawl Stone Soup version 0.30-a0-782-ge64f9170bb (webtiles) character file.

Game seed: 17203883914950700995

32 HunieBunnie the Magician (level 3, 19/19 HPs)
             Began as a Deep Elf Hedge Wizard on Mar 2, 2023.
             Quit the game on level 2 of the Dungeon.
             The game lasted 00:07:16 (1424 turns).

HunieBunnie the Magician (Deep Elf Hedge Wizard)    Turns: 1424, Time: 00:07:17

Health: 19/19      AC:  2    Str:  7    XL:     3   Next: 8%
Magic:  12/12      EV: 12    Int: 20    God:
Gold:   21         SH:  0    Dex: 14    Spells: 5/13 levels left

rFire   . . .      SeeInvis .    m - +4 dagger
rCold   . . .      Faith    .    (no shield)
rNeg    . . .      Spirit   .    b - +0 robe
rPois   .          Reflect  .    c - +0 hat
rElec   .          Harm     .    (no cloak)
rCorr   .          Rampage  .    (no gloves)
Will    .....                    (no boots)
Stlth   ++                       (no amulet)
HPRegen 0.23/turn                (no ring)
MPRegen 0.13/turn                (no ring)

@: no status effects
A: no striking features
a: no special abilities


You were on level 2 of the Dungeon.
You visited 1 branch of the dungeon, and saw 2 of its levels.

You collected 21 gold pieces.

Inventory:

Hand Weapons
 j - a +0 short sword
 m - a +4 dagger (weapon)
Armour
 b - a +0 robe (worn)
 c - a +0 hat (worn)
Scrolls
 a - a scroll of torment {unknown}
 e - 2 scrolls of teleportation {unknown}
 g - 2 scrolls of fog {unknown}
 i - a scroll of amnesia {unknown}
 k - a scroll of identify {unknown}
 n - a scroll of immolation {unknown}
Potions
 d - a potion of magic
 f - a potion of cancellation {unknown}
 h - 2 potions of curing {unknown}
 l - a potion of brilliance {unknown}


   Skills:
 + Level 2.7 Dodging
 + Level 2.7 Stealth
 + Level 5.5 Spellcasting
 + Level 1.3 Conjurations
 + Level 1.1 Summonings
 + Level 1.1 Translocations


You had 5 spell levels left.
You knew the following spells:

 Your Spells              Type           Power      Damage    Failure   Level
a - Magic Dart            Conj           44%        1d5       6%          1
b - Slow                  Hex            20%        N/A       11%         1
c - Call Imp              Summ           9%         N/A       11%         2
d - Blink                 Tloc           18%        N/A       11%         2
e - Cigotuvi's Dreadful   Necr/Pois/Air  10%        N/A       17%         2

Your spell library contained the following spells:

 Spells                   Type           Power      Damage    Failure   Level
 Dazzling Flash           Conj/Hex       16%        N/A       26%         3
 Mephitic Cloud           Conj/Pois/Air  7%         N/A       26%         3
 Iskenderun's Mystic Bla  Conj/Tloc      10%        2d4       54%         4
 Starburst                Conj/Fire      4%         6d3       100%        6


Dungeon Overview and Level Annotations

Branches:
Dungeon (2/15)

Altars:

Shops:
D:2 *=*


Message History

You have reached level 3!
Your experience leads to an increase in your attributes!
Increase (S)trength, (I)ntelligence, or (D)exterity?
You feel clever. x2
You see here a hobgoblin corpse.
Found a stone staircase leading up.
You pick up a book of Spectacle and begin reading...
You add the spells Dazzling Flash, Iskenderun's Mystic Blast and Starburst to your library.
Memorise Cigotuvi's Dreadful Rot, consuming 2 spell levels and leaving 5?
You start memorising the spell.
You continue memorising. x2
You finish memorising.
Spell assigned to 'e'.
There is an entrance to Onleuv's Jewellery Boutique here.
There is a stone staircase leading up here.
Found a stone staircase leading down.
Found a stone staircase leading down.
Found 2 boomerangs.
There is a stone staircase leading down here.
You now have 21 gold pieces (gained 7).
Found a stone staircase leading down.
You see here 2 boomerangs.
Found 6 stones.
A quokka comes into view.
The magic dart hits the quokka.
You kill the quokka!
An endoplasm comes into view.
The magic dart hits the endoplasm.
The endoplasm is heavily wounded.
The endoplasm quivers.
The endoplasm jiggles.
The magic dart hits the endoplasm but does no damage.
The endoplasm is heavily wounded.
The endoplasm jiggles.
The magic dart hits the endoplasm.
You kill the endoplasm!
a - a scroll labelled GUCWU QUTZODAW
Found Gecudaaj's General Store.
n - a scroll labelled REIL RUXISH
There is an entrance to Gecudaaj's General Store here.
Welcome back, HunieBunnie the Deep Elf Hedge Wizard.
Press ? for a list of commands and other information.
Are you sure you want to abandon this character and quit the game? (Confirm with "yes".)

#...#####.#
..........#
#...###.#.#
..........#
.#.####.#.#
#.#.# #.♣.#
#...# #♣@♣#
#...# #.♣.#
.. .. #..
... ###
...# ..##
..#


There were no monsters in sight!

Vanquished Creatures
  A dart slug (D:1)
  7 endoplasms
  A giant cockroach (D:1)
  3 goblins
  3 hobgoblins
  2 kobolds
  A quokka (D:2)
  3 ball pythons
  3 bats
  A rat (D:2)
25 creatures vanquished.

Notes
Turn   | Place    | Note
-------+----------+-------------------------------------------
     0 | D:1      | HunieBunnie the Deep Elf Hedge Wizard began the quest for
                  | the Orb.
     0 | D:1      | Reached XP level 1. HP: 10/10 MP: 7/7
     2 | D:1      | Learned a level 1 spell: Slow
   278 | D:1      | Reached skill level 5 in Spellcasting
   278 | D:1      | Reached XP level 2. HP: 15/15 MP: 6/10
   281 | D:1      | Learned a level 2 spell: Call Imp
   284 | D:1      | Learned a level 2 spell: Blink
  1189 | D:2      | Found Guont's Assorted Antiques.
  1213 | D:2      | Found Onleuv's Jewellery Boutique.
  1224 | D:2      | Reached XP level 3. HP: 14/19 MP: 4/12
  1291 | D:2      | Learned a level 2 spell: Cigotuvi's Dreadful Rot
  1414 | D:2      | Found Gecudaaj's General Store.
  1424 | D:2      | Quit the game

Illustrated notes

Levels and vault maps discovered:
D:1:      dpeg_arrival_boxes_within_box, layout_basic
D:2:      layout_loops_ring, serial_shops, nicolae_shop_crystal, shop,
          nicolae_shop_waterfront, nicolae_shop_trees

Skill      XL: |  1 |
---------------+----+-----
Spellcasting   | 5 |  5.5
Dodging        | |  2.7
Stealth        | |  2.7
Conjurations   | |  1.3
Summonings     | |  1.1
Translocations | |  1.1

Action                     || total
---------------------------++-------
  Melee: Dagger            ||     4
   Cast: Magic Dart        ||    64
 Armour: Robe              ||     2
  Dodge: Dodged            ||     6

Table legend: (Time is in decaauts)
 A = Elapsed time spent in this place.
 B = Non-inter-level travel time spent in this place.
 C = Inter-level travel time spent in this place.
 D = Time resting spent in this place.
 E = Time spent auto-exploring this place.
 F = Levels seen in this place.
 G = Mean time per level.
                   A        B        C        D        E       F      G
               +--------+--------+--------+--------+--------+-----+--------+
         Total |   1423 |   1339 |     84 |     78 |   1120 |   2 |  711.5 |
       Dungeon |   1423 |   1339 |     84 |     78 |   1120 |   2 |  711.5 |
               +--------+--------+--------+--------+--------+-----+--------+

Top non-repeatable levels by time:
     D:1: 971 daAuts
     D:2: 452 daAuts
